 Dungeon Crawl Stone Soup version 0.30.1-11-g7821555f0a (webtiles) character file.

Game seed: 8412266488422866614

69 Chiseanne the Cudgeller (level 4, -6/34 HPs)
             Began as a Demonspawn Wanderer on Nov 17, 2023.
             Killed by divine providence
             ... invoked by an orc priest
              (15 damage)
             ... on level 3 of the Dungeon.
             The game lasted 00:02:29 (1868 turns).

Chiseanne the Cudgeller (Demonspawn Wanderer)       Turns: 1868, Time: 00:02:30

Health: -6/34      AC:  6    Str: 14    XL:     4   Next: 2%
Magic:  4/4        EV: 11    Int: 13    God:
Gold:   148        SH:  0    Dex: 13    Spells: 3/3 levels left

rFire   . . .        a - +3 hand axe
rCold   . . .        (no shield)
rNeg    . . .        i - +0 ring mail
rPois   .            (no helmet)
rElec   .            (no cloak)
rCorr   .            (no gloves)
SInv    .            c - +0 pair of boots
Will    .....        (no amulet)
Stlth   +            (no ring)
HPRegen 0.25/turn    (no ring)
MPRegen 0.09/turn

%: no passive effects
@: no status effects
A: hooves 1, powered by pain 1
a: no special abilities


You were on level 3 of the Dungeon.
You visited 1 branch of the dungeon, and saw 3 of its levels.

You collected 148 gold pieces.

Inventory:

Hand Weapons
 a - a +3 hand axe (weapon)
 p - a +2 mace
Missiles
 f - 4 poisoned darts (quivered)
 h - 28 stones
 s - 2 javelins
Armour
 c - a +0 pair of boots (worn)
 i - a +0 ring mail (worn)
Jewellery
 k - an amulet of guardian spirit
Scrolls
 d - 3 scrolls of fog
Potions
 b - 2 potions of curing
 e - a potion of magic {unknown}
 m - a potion of might
 n - 2 potions of lignification
 o - a potion of mutation {unknown}
 q - 2 potions of berserk rage
 r - a potion of heal wounds


   Skills:
 * Level 2.3 Fighting
 - Level 3.6 Maces & Flails
 * Level 2.0 Armour
 * Level 1.8 Dodging
 - Level 2.6 Stealth
 - Level 1.0 Evocations


You had 3 spell levels left.
You didn't know any spells.
Your spell library contained the following spells:

 Spells                   Type           Power      Damage    Failure   Level
 Apportation              Tloc           0%         N/A       52%         1
 Beastly Appendage        Tmut           0%         N/A       52%         1
 Blink                    Tloc           0%         N/A       67%         2
 Lesser Beckoning         Tloc           0%         N/A       67%         2
 Momentum Strike          Conj/Tloc      0%         3d8       67%         2
 Wereblood                Tmut           0%         N/A       67%         2
 Spider Form              Tmut/Pois      0%         N/A       88%         3
 Alistair's Intoxication  Tmut/Pois      0%         N/A       100%        5


Dungeon Overview and Level Annotations

Branches:
Dungeon (3/15)

Altars:
Cheibriados
Hepliaklqana


Innate Abilities, Weirdness & Mutations

You have large cloven feet.
You sometimes gain a little power by taking damage.


Message History

An orc comes into view. It is wielding a +0 short sword.
The orc shouts!
You hit the orc but do no damage. The orc hits you with a +0 hand axe. x2
An orc comes into view. It is wielding a +0 morningstar.
You closely miss the orc. The orc hits you with a +0 hand axe.
The orc shouts!
You hit the orc.
The orc is severely wounded.
An orc priest comes into view. It is wielding a +0 hand axe.
You barely miss the orc. You closely miss the orc.
The orc priest looks encouraged for a moment.
You slash the orc!
The orc is almost dead.
The orc hits you but does no damage. x3
You barely miss the orc.
The orc is almost dead.
You barely miss the orc. The orc hits you but does no damage.
You hit the orc.
You kill the orc!
You hit the orc.
The orc priest mumbles some strange prayers to Beogh against you.
Beogh smites you! The orc barely misses you.
You have reached level 4!
You feel clever.
The orc priest calls upon Beogh to heal the orc.
The orc's wounds heal themselves!
The orc attacks as you move away! The orc hits you with a +0 hand axe.
Okay, then.
You hit the orc.
The orc is heavily wounded.
The orc hits you with a +0 hand axe.
* * * LOW HITPOINT WARNING * * *
You hit the orc.
The orc is heavily wounded.
You hit the orc.
You kill the orc!
The orc priest mumbles some strange prayers to Beogh against you.
Beogh smites you!
You die...

######.#####
#.#.#.#.####†### #. #.#
#.#.#.#....))).# #. #.#
##...#.#..#.....####
#.#
#...##.##...........
#.#
#...#...#.......#.##
#.# #...#._.#.......#.#
#.# #...#...#..######.#
#..)##.##.....).#.##
#oo@.#.#......†.....
#.##.#.#....########
###.#..#.#....#
#.o)...#'#....########
#o#.#......#..........
..o#...........########
### #############


You could see an orc priest and an orc.

Vanquished Creatures
  An adder (D:3)
  A worm (D:2)
  A dart slug (D:3)
  9 orcs (D:3)
  5 ball pythons
  7 endoplasms
  A giant cockroach (D:3)
  4 goblins
  2 hobgoblins
  4 kobolds
  3 quokkas
  3 bats
  A frilled lizard (D:1)
  5 rats
47 creatures vanquished.

Notes
Turn   | Place    | Note
-------+----------+-------------------------------------------
     0 | D:1      | Chiseanne the Demonspawn Wanderer began the quest for the
                  | Orb.
     0 | D:1      | Chiseanne set off with the following items: a +2 mace, a
                  | potion of curing, a +0 pair of boots, a scroll of fog, a +0
                  | robe.
     0 | D:1      | Reached XP level 1. HP: 15/15 MP: 1/1
   374 | D:1      | Gained mutation: You sometimes gain a little power by
                  | taking damage. [demonic ancestry]
   374 | D:1      | Reached XP level 2. HP: 19/21 MP: 2/2
   424 | D:1      | Reached skill level 1 in Dodging
   926 | D:2      | Found a faded altar of an unknown god.
   995 | D:2      | Found a hazy altar of Hepliaklqana.
  1408 | D:3      | Gained mutation: You have large cloven feet. [demonic
                  | ancestry]
  1408 | D:3      | Reached XP level 3. HP: 25/27 MP: 3/3
  1616 | D:3      | Found a snail-covered altar of Cheibriados.
  1863 | D:3      | Reached XP level 4. HP: 12/34 MP: 4/4
  1868 | D:3      | Killed from afar by an orc priest

Illustrated notes

Levels and vault maps discovered:
D:1:      dpeg_arrival_round_c, layout_basic, serial_corexii_hall,
          corexii_hall_statues_u, corexii_hall_statues_s
D:2:      layout_rooms, shapermc_ecumenical_altar_venn, basic_altar,
          serial_park_tiny_2
D:3:      layout_loops_ring, mainiacjoe_overflow_surrounded_room

Skill      XL: |  1  2  3 |
---------------+----------+-----
Dodging        | 1 |  1.8
Fighting       | 2 |  2.3
Armour         | 2 |  2.0
Maces & Flails | |  3.6
Stealth        | |  2.6
Evocations     | |  1.0

Action                     |  1- 3 |  4- 6 || total
---------------------------+-------+-------++-------
  Melee: Mace              |    30 |       ||    30
         Hand axe          |    71 |     3 ||    74
    Use: Scroll            |     9 |       ||     9
   Stab: Sleeping          |     1 |       ||     1
 Armour: Ring mail         |    37 |       ||    37
  Dodge: Dodged            |    52 |       ||    52
